 Dungeon Crawl Stone Soup version 0.19.5 (webtiles) character file.

132 McKennaii the Firebug (level 4, 0/24 HPs)
             Began as a Deep Elf Fire Elementalist on May 25, 2017.
             Was an Initiate of Sif Muna.
             Killed from afar by Natasha (8 damage)
             ... with a magic dart
             ... on level 4 of the Dungeon.
             The game lasted 00:05:41 (2581 turns).

McKennaii the Firebug (Deep Elf Fire Elementalist)  Turns: 2581, Time: 00:05:43

Health: 0/24       AC:  2    Str:  5    XL:     4   Next: 92%
Magic:  6/12       EV: 13    Int: 21    God:    Sif Muna [......]
Gold:   120        SH:  2    Dex: 15    Spells: 3 memorised, 5 levels left

rFire  . . .     SeeInvis .     (no weapon)
rCold  . . .     Gourm    .     a - +0 robe
rNeg   . . .     Faith    .     (no shield)
rPois  .         Spirit   .     (no helmet)
rElec  .         Reflect  +     (no cloak)
rCorr  .         Harm     .     (no gloves)
MR     .....                    (no boots)
Stlth  ++........               h - +2 amulet of reflection
                                (no ring)
                                (no ring)

@: no status effects
A: no striking features
a: Renounce Religion


You were on level 4 of the Dungeon.
You worshipped Sif Muna.
Sif Muna was noncommittal.
You were hungry.

You visited 1 branch of the dungeon, and saw 4 of its levels.

You collected 120 gold pieces.

Inventory:

Armour
 a - a +0 robe (worn)
Jewellery
 h - a +2 amulet of reflection (around neck)
 k - a cursed ring of teleportation {unknown}
 q - a cursed ring of teleportation {unknown}
Scrolls
 f - a scroll of noise {unknown}
 g - 2 scrolls of magic mapping {unknown}
 j - 2 scrolls of remove curse
 l - a scroll of enchant weapon {unknown}
 m - a scroll of enchant armour {unknown}
 n - a scroll of random uselessness {unknown}
 o - 2 scrolls of recharging {unknown}
 r - 4 scrolls of identify {unknown}
 s - a scroll of amnesia {unknown}
 u - a scroll of fear {unknown}
Potions
 d - a potion of heal wounds {unknown}
 e - a potion of ambrosia {unknown}
 i - 3 potions of curing
 w - a potion of invisibility {unknown}
 z - 4 potions of might {unknown}
 A - a potion of resistance {unknown}
Books
 b - a book of Flames

   Spells                             Type                      Level
   a - Flame Tongue                   Conjuration/Fire             1
   b - Throw Flame                    Conjuration/Fire             2
   c - Conjure Flame                  Conjuration/Fire             3
   d - Inner Flame                    Hexes/Fire                   3
   e - Sticky Flame                   Conjuration/Fire             4
   f - Fireball                       Conjuration/Fire             5
Comestibles
 c - 4 bread rations
 p - a slice of pizza
 t - 2 beef jerkies
 v - a royal jelly


   Skills:
 + Level 0.2 Fighting
 + Level 2.8 Dodging
 + Level 3.0 Stealth
 + Level 4.4 Spellcasting
 + Level 2.1 Conjurations
 + Level 4.6 Fire Magic


You had 5 spell levels left.
You knew the following spells:

 Your Spells              Type           Power        Failure   Level  Hunger
a - Flame Tongue          Conj/Fire      ###..        3%          1    None
b - Throw Flame           Conj/Fire      ###...       6%          2    #......
c - Conjure Flame         Conj/Fire      ###.....     12%         3    ##.....


Dungeon Overview and Level Annotations

Branches:
Dungeon (4/15)
 Temple: D:4-7

Altars:
Sif Muna
Trog
Uskayaw
Zin
The Shining One

Shops:
D:3 *   D:4 (

Annotations:
D:2 Sigmund
D:4 Natasha


Message History

Casting: Flame Tongue
Confirm with . or Enter, or press ? or * to list all spells.
You can't see any susceptible monsters within range! (Use Z to cast anyway.)
Casting: Flame Tongue
Confirm with . or Enter, or press ? or * to list all spells.
You can't see any susceptible monsters within range! (Use Z to cast anyway.)
Casting: Flame Tongue
Confirm with . or Enter, or press ? or * to list all spells.
Aiming: Throw Flame
Press: ? - help, Shift-Dir - straight line, f - shadow imp
Aim: a shadow imp (summoned)
Okay, then.
As you read the scroll labeled ICUPENWI BATAF, it crumbles to dust.
You feel blessed for a moment.
It was a scroll of remove curse.
You hear some strange, mumbled words.
Something tries to affect you, but you resist.
Natasha hisses.
Natasha stares at you and mumbles some strange words.
The magic dart hits you!
You die...

............##
#............# ..
#...........†# ...
#............#
...##............####
....................#
.................(..#
#...................#
#..........@........#
....#...)##..........
. #.h...#####.#####
......5...# .#
...∩......# ..
............. ..
..............
................
................


You could see Natasha and a shadow imp.

Vanquished Creatures
  An orc priest (D:4)
  3 adders
  An ooze (D:2)
  A worm (D:2)
  A dart slug (D:1)
  2 leopard geckos
  12 orcs
  2 bats
  2 giant cockroaches
  7 goblins
  5 hobgoblins
  3 jackals
  2 frilled lizards
  7 kobolds
  A rat (D:2)
50 creatures vanquished.

Notes
Turn   | Place    | Note
-------+----------+-------------------------------------------
     0 | D:1      | McKennaii the Deep Elf Fire Elementalist began the quest for the Orb.
     0 | D:1      | Reached XP level 1. HP: 10/10 MP: 6/6
   394 | D:1      | Reached XP level 2. HP: 15/15 MP: 4/8
   784 | D:1      | Reached XP level 3. HP: 12/19 MP: 2/9
   865 | D:1      | Learned a level 2 spell: Throw Flame
   869 | D:1      | Learned a level 3 spell: Conjure Flame
  1104 | D:2      | Found a deep blue altar of Sif Muna.
  1218 | D:2      | Became a worshipper of Sif Muna the Loreminder
  1352 | D:2      | Noticed Sigmund
  1616 | D:3      | Reached XP level 4. HP: 24/24 MP: 7/11
  1745 | D:3      | Found Zin's Purification Station.
  1756 | D:3      | Found a glowing silver altar of Zin.
  1787 | D:3      | Found a glowing golden altar of the Shining One.
  1804 | D:3      | Noticed a hand axe
  1804 | D:3      | Found a hide-covered altar of Uskayaw.
  1805 | D:3      | Noticed a hand axe
  1846 | D:3      | Found a bloodstained altar of Trog.
  2555 | D:4      | Found Itweceg's Antique Weapon Shop.
  2574 | D:4      | Noticed Natasha
  2581 | D:4      | Killed from afar by Natasha

Skill      XL: |  1  2  3  4 |
---------------+-------------+-----
Fire Magic     | 4 |  4.6
Spellcasting   | 4 |  4.4
Stealth        | 3 |  3.0
Conjurations   | 2 |  2.1
Fighting       | |  0.2
Dodging        | |  2.8

Action                   |  1- 3 |  4- 6 || total
-------------------------+-------+-------++-------
Melee: Unarmed           |       |     5 ||     5
 Cast: Flame Tongue      |    44 |    26 ||    70
       Throw Flame       |    12 |    25 ||    37
  Use: Scroll            |       |     1 ||     1
       Potion            |       |     1 ||     1
  Eat: Chunk             |     1 |     4 ||     5
Armor: Robe              |     2 |     2 ||     4
Dodge: Dodged            |    32 |     8 ||    40
Block: Other             |     2 |       ||     2
